 Dungeon Crawl Stone Soup version 0.31.0-9-g3a7656b989 (webtiles) character file.

Game seed: 17531475374874085940

7 qw the Shooter (level 1, -2/10 HPs)
             Began as a Spriggan Hunter on Feb 2, 2024.
             Succumbed to their own poison gas
             ... on level 1 of the Dungeon.
             The game lasted 00:00:00 (133 turns).

qw the Shooter (Spriggan Hunter)                     Turns: 133, Time: 00:00:01

Health: -2/10      AC:  2    Str:  7    XL:     1   Next: 83%
Magic:  2/2        EV: 18    Int: 10    God:
Gold:   29         SH:  0    Dex: 18    Spells: 0/0 levels left

rFire   . . .        a - +0 shortbow
rCold   . . .        (shield currently unavailable)
rNeg    . . .        c - +0 robe
rPois   .            (helmet restricted)
rElec   .            (no cloak)
rCorr   .            (gloves unavailable)
SInv    +            (boots unavailable)
Will    .....        (no amulet)
Stlth   ++           (no ring)
HPRegen 0.21/turn    (no ring)
MPRegen 0.08/turn

%: no passive effects
@: lethally poisoned (-2 -> -15), very quick
A: very small, no large weapons, unfitting armour, see invisible, speed 3
a: no special abilities


You were on level 1 of the Dungeon.
You visited 1 branch of the dungeon, and saw 1 of its levels.

You collected 29 gold pieces.


Innate Abilities, Weirdness & Mutations

You are very small and have problems with some larger weapons.
You are too small for most types of armour.
You have supernaturally acute eyesight. (SInv)
You cover ground extremely quickly. (Speed+++)


   Skills:
 - Level 1.5 Fighting
 - Level 4.0 Ranged Weapons
 + Level 3.6 Dodging
 - Level 1.5 Stealth


You couldn't memorise any spells.
You didn't know any spells.
Your spell library was empty.

Inventory:

Hand Weapons
 a - a +0 shortbow (weapon)
Armour
 c - a +0 robe (worn)

Dungeon Overview and Level Annotations

Branches:
Dungeon (1/15)

Altars:

Shops:
D:1 [


Message History

A frilled lizard and a giant cockroach come into view.
You shoot an arrow. The arrow hits the giant cockroach!
You kill the giant cockroach!
The frilled lizard hisses angrily.
You shoot an arrow. The arrow misses the frilled lizard.
You shoot an arrow. The arrow hits the frilled lizard.
You kill the frilled lizard!
You now have 29 gold pieces (gained 10).
e - a scroll labelled EGU JEIRHESIWY A quokka comes into view.
A quokka is nearby!
125 ||| READING scroll labelled EGU JEIRHESIWY.
As you read the scroll labelled EGU JEIRHESIWY, it crumbles to dust.
It is a scroll of amnesia.
You feel forgetful for a moment.
A quokka is nearby!
126 ||| READING scroll labelled COKY EFOAHU.
As you read the scroll labelled COKY EFOAHU, it crumbles to dust.
It is a scroll of enchant armour.
126 ||| ENCHANTING +0 shortbow.
A quokka is nearby!
127 ||| READING scroll labelled SUGIEM RUASO.
The air fills with toxic fumes!
As you read the scroll labelled SUGIEM RUASO, it crumbles to dust.
It was a scroll of poison.
A quokka is nearby!
128 ||| DROPPING scroll of butterflies.
You drop a scroll of butterflies.
A quokka is nearby!
129 ||| DROPPING potion of invisibility.
You drop a potion of invisibility.
A quokka is nearby!
130 ||| DROPPING scroll of torment.
You drop a scroll of torment.
A quokka is nearby!
A quokka is nearby!
Enter note: You are engulfed in poison gas.
You are lethally poisoned!
You feel very sick.
132 ||| Stepping ~*~*~tactically~*~*~ (cloud).
You feel sick.
You shoot an arrow. The arrow closely misses the quokka.
You die...

##.....#.. #. #.%..#.#.
#.. #....#.. ...# #....#.#
#.# #...%..#... ######
#.$..#.#.# #.
.>#####.>r#)..#
#.##..[##...@#?# .
#.#.....#¤¤¤¤¤¤##.##
#.)....¤¤¤¤¤¤#¤0......
#......¤¤0¤¤¤##¤###.##
#...^..###¤¤...¤¤.....
#####......#\#¤¤....0¤....
...........##¤#......###..
######......0¤##....## .
#................####


You could see a quokka.

Vanquished Creatures
  2 giant cockroaches (D:1)
  A kobold (D:1)
  A quokka (D:1)
  A ball python (D:1)
  A frilled lizard (D:1)
6 creatures vanquished.

Notes
Turn   | Place    | Note
-------+----------+-------------------------------------------
     0 | D:1      | qw the Spriggan Hunter began the quest for the Orb.
     0 | D:1      | Reached XP level 1. HP: 10/10 MP: 2/2
     0 | D:1      | 0 ||| qw: Version: 0.3-a-155-g5e7d8dd
     0 | D:1      | 0 ||| qw: Game counter: 1816
     0 | D:1      | 0 ||| qw: Melee chars always use a shield: true
     0 | D:1      | 0 ||| qw: God list: Okawaru
     0 | D:1      | 0 ||| qw: Allow faded altars: false
     0 | D:1      | 0 ||| qw: Do Orc after clearing Dungeon:15 true
     0 | D:1      | 0 ||| qw: Do second Lair branch before Depths: true
     0 | D:1      | 0 ||| qw: Lair rune preference: random
     0 | D:1      | 0 ||| qw: Goals: Normal
     0 | D:1      | 0 ||| PLANNING D:1-11
    79 | D:1      | Reached skill level 3 in Dodging
    82 | D:1      | Found Gaozei's Armour Emporium.
   100 | D:1      | 100 ||| READING 2 scrolls labelled NEIDA XU OCAO.
   100 | D:1      | 100 ||| IDENTIFYING metallic orange potion
   101 | D:1      | 101 ||| READING scroll of identify.
   101 | D:1      | 101 ||| IDENTIFYING scroll labelled FURIKL PUBLAL
   110 | D:1      | 110 ||| SHOPLISTING +2 robe of resistance (490 gold, have
                  | 19).
   125 | D:1      | 125 ||| READING scroll labelled EGU JEIRHESIWY.
   126 | D:1      | 126 ||| READING scroll labelled COKY EFOAHU.
   126 | D:1      | 126 ||| ENCHANTING +0 shortbow.
   127 | D:1      | 127 ||| READING scroll labelled SUGIEM RUASO.
   128 | D:1      | 128 ||| DROPPING scroll of butterflies.
   129 | D:1      | 129 ||| DROPPING potion of invisibility.
   130 | D:1      | 130 ||| DROPPING scroll of torment.
   132 | D:1      | 132 ||| Stepping ~*~*~tactically~*~*~ (cloud).
   132 | D:1      | HP: 2/10 [poisoned by you (poison gas)]
   133 | D:1      | Succumbed to their own poison gas

Levels and vault maps discovered:
D:1:      minmay_arrival_wavy_path, layout_rooms, serial_shops,
          nicolae_shop_tiny_glass, roderic_roman_lattice, corexii_corridor_pit,
          nicolae_concentric_dashed_squares_mild

Skill      XL: |  1 |
---------------+----+-----
Dodging        | 3 |  3.6
Fighting       | |  1.5
Ranged Weapons | |  4.0
Stealth        | |  1.5

Action                     || total
---------------------------++-------
   Fire: Shortbow          ||    11
    Use: Scroll            ||     5
 Armour: Robe              ||     1

Table legend:
 A = Non-vault XP
 B = Vault XP
 C = Vault XP percentage of total XP
 D = Non-vault monster count
 E = Vault monster count
 F = Vault count percentage of total count
                 A         B        C        D         E       F
            +---------+---------+-------+---------+---------+-------
      Total |      10 |       0 |   0.0 |       6 |       0 |   0.0
            +---------+---------+-------+---------+---------+-------
        D:1 |      10 |       0 |   0.0 |       6 |       0 |   0.0
            +---------+---------+-------+---------+---------+-------
